 Dungeon Crawl Stone Soup version 0.29.1-2-gbd0b4ee654 (webtiles) character file.

Game seed: 16450698161093006452

21 nshep25 the Covered (level 2, -6/19 HPs)
             Began as a Gargoyle Fighter on Nov 7, 2022.
             Killed by divine providence
             ... invoked by an orc priest
              (8 damage)
             ... on level 3 of the Dungeon.
             The game lasted 00:02:26 (1148 turns).

nshep25 the Covered (Gargoyle Fighter)              Turns: 1148, Time: 00:02:27

Health: -6/19      AC: 10    Str: 19    XL:     2   Next: 83%
Magic:  2/2        EV:  9    Int:  8    God:
Gold:   94         SH:  4    Dex:  9    Spells: 1/1 levels left

rFire   . . .      SeeInvis +   a - +0 flail
rCold   . . .      Faith    .   c - +0 buckler
rNeg    + . .      Spirit   .   b - +0 scale mail
rPois   ∞          Reflect  .   (no helmet)
rElec   +          Harm     .   (no cloak)
rCorr   .          Rampage  .   g - +0 pair of gloves
Will    .....                   (no boots)
Stlth   ..........              (no amulet)
HPRegen 0.06/turn               i - ring of see invisible
MPRegen 0.08/turn               (no ring)

@: no status effects
A: sickness immunity, AC +2, negative energy resistance 1, electricity
resistance, torment resistance 1, petrification resistance
a: no special abilities


You were on level 3 of the Dungeon.
You visited 1 branch of the dungeon, and saw 3 of its levels.

You collected 94 gold pieces.

Inventory:

Hand Weapons
 a - a +0 flail (weapon)
Missiles
 m - 4 boomerangs (quivered)
Armour
 b - a +0 scale mail (worn)
 c - a +0 buckler (worn)
 g - a +0 pair of gloves (worn)
Jewellery
 h - a ring of magical power
 i - a ring of see invisible (left hand)
Scrolls
 e - a scroll of immolation {unknown}
 f - a scroll of poison {unknown}
 k - a scroll of blinking {unknown}
 l - a scroll of teleportation {unknown}
Potions
 d - a potion of might
 j - a potion of degeneration {unknown}
 n - a potion of invisibility {unknown}


   Skills:
 + Level 3.6 Fighting
 + Level 2.1 Maces & Flails
 + Level 3.7 Armour
 + Level 0.1 Dodging
 + Level 3.4 Shields


You had one spell level left.
You didn't know any spells.
Your spell library contained the following spells:

 Spells                   Type           Power      Damage    Failure   Level
 Blink                    Tloc           0%         N/A       94%         2
 Lesser Beckoning         Tloc           0%         N/A       99%         3
 Manifold Assault         Tloc           0%         N/A       100%        5


Dungeon Overview and Level Annotations

Branches:
Dungeon (2/15)

Altars:

Annotations:
D:2 Terence


Innate Abilities, Weirdness & Mutations

You are immune to sickness and miasma.
Your stone body is resilient. (AC +2)
You are immune to poison.
You resist negative energy. (rN+)
You are resistant to electric shocks. (rElec)
You are resistant to unholy torment.
You are immune to petrification.


Message History

k - a scroll labelled SUYMEVEKK ELES Done exploring.
(D) Dungeon
Where to? (? - help)
What level of the Dungeon? (default 1, ? - help)
There is a stone staircase leading down here.
You climb downwards.
There is a stone staircase leading up here.
l - a scroll labelled BISOTA DIXEME
Found 5 boomerangs.
Found a stone staircase leading down.
m - 5 boomerangs Terence the Incautious comes into view.
He is wielding a +0 hand axe.
Terence shouts!
A sourceless malevolence fills the Dungeon...
You fall into a shaft and drop 1 floor!
The shaft crumbles and collapses.
Found a black potion.
Found 13 gold pieces.
Found a fuming puce potion.
n - a black potion An orc comes into view.
It is wielding a +0 hand axe.
The orc shouts!
An orc wizard comes into view. It is wielding a +0 dagger.
You throw a boomerang. The boomerang barely misses the orc.
The orc wizard shouts!
An orc priest comes into view. It is wielding a +0 dagger.
You throw a boomerang. The orc priest shouts!
The boomerang hits the orc but does no damage.
You throw a boomerang. The boomerang barely misses the orc.
The orc wizard casts a spell at you.
The puff of flame hits you but does no damage.
The orc priest invokes the aid of Beogh against you.
Beogh smites you!
Ouch! That really hurt!
* * * LOW HITPOINT WARNING * * *
The orc priest invokes the aid of Beogh against you.
Beogh smites you!
You die...

... #. #.#
.. ##.# ..
..# !## #.#
#..#.## #.##
....$..
#..##.#.....
#..@..o.o...
#........o..
#....##.....
#....##.#...
#...........
#......... .
#.........
#.........
#.........


You could see an orc priest, an orc wizard and an orc.

Vanquished Creatures
  2 endoplasms (D:1)
  A giant cockroach (D:1)
  3 goblins (D:1)
  A hobgoblin (D:1)
  3 quokkas (D:1)
  2 ball pythons (D:1)
  3 bats (D:1)
  A frilled lizard (D:1)
  A kobold (D:1)
  2 rats (D:1)
19 creatures vanquished.

Notes
Turn   | Place    | Note
-------+----------+-------------------------------------------
     0 | D:1      | nshep25 the Gargoyle Fighter began the quest for the Orb.
     0 | D:1      | Reached XP level 1. HP: 14/14 MP: 1/1
   251 | D:1      | Reached XP level 2. HP: 19/19 MP: 2/2
  1132 | D:2      | Noticed Terence
  1135 | D:2      | You fall into a shaft and drop 1 floor!
  1148 | D:3      | Killed from afar by an orc priest

Illustrated notes

Levels and vault maps discovered:
D:1:      ebering_hopf_link, layout_basic, hangedman_abyss_or_decor_lesser_grid,
          dreamdust_princess_bridge, minmay_cut_off
D:2:      layout_basic, uniq_terence
D:3:      layout_rooms, ebering_ghost_sewer_d,
          shapermc_ecumenical_altar_mp_highgroup, serial_shops,
          nicolae_lakefront_shop

Action                   || total
-------------------------++-------
Melee: Flail             ||    53
Throw: Boomerang         ||     3
Armor: Scale mail        ||    26
Dodge: Dodged            ||    33
Block: Buckler           ||     7
